 Dungeon Crawl Stone Soup version 0.31-a0-1576-ga3383bade6 (webtiles) character file.

Game seed: 8028351106354227479

210 monsoonserge the Digger (level 5, -1/40 HPs)
             Began as a Ghoul Earth Elementalist on Jan 5, 2024.
             Slain by a river rat (5 damage)
             ... in a sewer.
             The game lasted 00:10:37 (2688 turns).

monsoonserge the Digger (Ghoul Earth Elementalist)  Turns: 2688, Time: 00:10:37

Health: -1/40      AC:  8    Str: 15    XL:     5   Next: 88%
Magic:  8/8        EV:  9    Int: 14    God:
Gold:   190        SH:  5    Dex: 11    Spells: 7/8 levels left

rFire   . . .        m - +11 long sword of Floods {freeze, rElec Str+3}
rCold   + . .        (no shield)
rNeg    + + +        s - +0 scale mail
rPois   ∞            (no helmet)
rElec   +            (no cloak)
rCorr   .            (no gloves)
SInv    .            q - +1 pair of boots
Will    .....        c - amulet of reflection
Stlth   +            (no ring)
HPRegen 0.00/turn    (no ring)
MPRegen 0.11/turn

%: reflection
@: mighty, inhibited regen
A: claws 1, cold resistance 1, negative energy resistance 3, inhibited
regeneration, torment resistance 2, devour on kill
a: no special abilities


You were in a sewer.
You visited 1 branch of the dungeon, and saw 4 of its levels.
You also visited: Sewer.

You collected 190 gold pieces.

Inventory:

Hand Weapons
 m - the +11 long sword of Floods (weapon) {freeze, rElec Str+3}
   (You found it on level 2 of the Dungeon)

   Str+3:     It affects your strength (+3).
   rElec:     It insulates you from electricity.
Missiles
 e - 27 poisoned darts
 h - 7 boomerangs (quivered)
Armour
 q - a +1 pair of boots (worn)
 r - a +0 leather armour
 s - a +0 scale mail (worn)
 t - a +0 ring mail
Jewellery
 c - an amulet of reflection (around neck)
 f - an amulet of faith
Scrolls
 a - a scroll of vulnerability {unknown}
 d - a scroll of fog {unknown}
 i - a scroll of teleportation {unknown}
 k - 3 scrolls of identify {unknown}
 l - a scroll of noise {unknown}
 o - a scroll of enchant weapon {unknown}
 p - a scroll of acquirement {unknown}
 u - a scroll of immolation {unknown}
Potions
 b - a potion of magic
 g - a potion of might
 n - a potion of lignification {unknown}


   Skills:
 + Level 1.0 Fighting
 * Level 3.1 Long Blades
 + Level 1.3 Staves
 + Level 0.6 Armour
 + Level 2.1 Dodging
 - Level 3.0 Stealth
 - Level 2.0 Spellcasting
 - Level 0.7 Conjurations
 - Level 4.0 Earth Magic


You had 7 spell levels left.
You knew the following spells:

 Your Spells              Type           Power      Damage    Failure   Level
a - Sandblast             Erth           24%        2d8       19%         1

Your spell library contained the following spells:

 Spells                   Type           Power      Damage    Failure   Level
 Passwall                 Erth           12%        N/A       47%         3
 Sting                    Conj/Alch      8%         1d3       63%         1
 Apportation              Tloc           2%         N/A       67%         1
 Freeze                   Ice            4%         1d3       67%         1
 Necrotise                Necr           4%         1d4       67%         1
 Summon Small Mammal      Summ           4%         N/A       67%         1
 Stone Arrow              Conj/Erth      16%        3d8       73%         3
 Static Discharge         Conj/Air       4%         3-4/arc   77%         2
 Lesser Beckoning         Tloc           2%         N/A       82%         2
 Hailstorm                Conj/Ice       2%         3d5       94%         3
 Frozen Ramparts          Ice            2%         1d1       96%         3
 Gell's Gravitas          Tloc           1%         N/A       96%         3
 Teleport Other           Tloc           1%         N/A       96%         3
 Brom's Barrelling Bould  Conj/Erth      8%         2d3       98%         4
 Leda's Liquefaction      Alch/Erth      3%         N/A       99%         4
 Petrify                  Alch/Erth      7%         N/A       99%         4
 Airstrike                Air            0%         2d(1-17)  100%        4
 Summon Lightning Spire   Summ/Air       1%         N/A       100%        4
 Metabolic Englaciation   Hex/Ice        0%         N/A       100%        5


Dungeon Overview and Level Annotations

Branches:
Dungeon (4/15)              Sewer (1/1)
 Temple: D:4-7

Altars:
Ashenzari
Dithmenos
Hepliaklqana
Okawaru
Xom

Shops:
D:3 [

Annotations:
D:3 2 transporters, celiacchi's ghost, amateur TeHW


Innate Abilities, Weirdness & Mutations

You are immune to poison.
You have sharp fingernails.
Your flesh is cold resistant. (rC+)
You are immune to negative energy. (rN+++)
You do not regenerate when monsters are visible.
You are immune to unholy pain and torment.
You thrive by killing the living.


Message History

The river rat bites you but does no damage.
The river rat closely misses you.
You feel very mighty all of a sudden. You block the river rat's attack.
The river rat bites you.
* * * LOW HITPOINT WARNING * * *
The river rat barely misses you. The river rat bites you.
* * * LOW HITPOINT WARNING * * *
Unknown command.
You slash the river rat! You freeze the river rat.
You kill the river rat!
You feel better. The river rat misses you.
A rat comes into view.
The river rat bites you.
* * * LOW HITPOINT WARNING * * *
The river rat bites you but does no damage.
Your Long Blades skill increases to level 3!
It was a potion of curing.
You feel better.
The rat squeaks loudly.
You block the river rat's attack. The river rat closely misses you.
The river rat barely misses you.
The rat twitches its whiskers.
You slash the river rat! You freeze the river rat.
The river rat is severely wounded.
The river rat bites you but does no damage.
The river rat bites you.
* * * LOW HITPOINT WARNING * * *
You slash the river rat! You freeze the river rat.
You kill the river rat!
You block the river rat's attack. The river rat bites you.
* * * LOW HITPOINT WARNING * * *
The rat bites you but does no damage.
You barely miss the river rat. You block the river rat's attack.
The river rat closely misses you. The rat bites you but does no damage.
The river rat closely misses you. The river rat barely misses you.
You closely miss the river rat. You block the rat's attack.
The river rat bites you.
* * * LOW HITPOINT WARNING * * *
The river rat twitches its whiskers.
The river rat bites you.
You die... r

##################### ...
##...#~≈≈≈≈≈≈≈≈≈≈≈≈≈≈#....
#....~~≈≈~~≈≈≈≈@rr≈~≈.....
#..∩..≈~~~~~#~#rr~r~~.....
#..∩..~~≈≈~≈~~~≈~≈≈≈~~....
#....~≈≈~≈≈~~.≈~≈≈≈≈≈~...#
##....~≈≈≈≈≈≈≈≈≈≈≈≈≈≈..###
#######################


You could see 2 river rats and 3 rats.

Vanquished Creatures
  An orc priest (D:4)
  An iguana (D:4)
  5 adders
  2 river rats (Sewer)
  3 ribbon worms
  2 dart slugs (D:3)
  8 orcs
  7 ball pythons
  3 endoplasms
  6 giant cockroaches
  6 goblins
  3 hobgoblins (D:1)
  3 jackals (D:3)
  A quokka (D:1)
  6 bats
  3 frilled lizards
  5 kobolds (D:3)
  10 rats
75 creatures vanquished.

Notes
Turn   | Place    | Note
-------+----------+-------------------------------------------
     0 | D:1      | monsoonserge the Ghoul Earth Elementalist began the quest
                  | for the Orb.
     0 | D:1      | Reached XP level 1. HP: 14/14 MP: 3/3
   266 | D:1      | Reached XP level 2. HP: 20/20 MP: 1/4
   692 | D:1      | Found a faded altar of an unknown god.
   951 | D:2      | Reached skill level 1 in Staves
   983 | D:2      | Identified the +11 long sword of Floods {freeze, rElec
                  | Str+3}
  1009 | D:2      | Reached XP level 3. HP: 25/26 MP: 6/6
  1048 | D:2      | Reached skill level 4 in Earth Magic
  1136 | D:2      | Found a broken altar of Ashenzari.
  1543 | D:3      | Found a hazy altar of Hepliaklqana.
  1556 | D:3      | Reached skill level 1 in Long Blades
  1556 | D:3      | Reached XP level 4. HP: 27/34 MP: 7/7
  1692 | D:3      | Found a shimmering altar of Xom.
  1708 | D:3      | Found a transporter.
  1709 | D:3      | Noticed celiacchi's ghost (amateur TeHW)
  1712 | D:3      | Noticed an ogre
  1715 | D:3      | Found Omoteru's Antique Armour Shoppe.
  2388 | D:3      | Found a transporter.
  2431 | D:4      | Reached XP level 5. HP: 39/39 MP: 8/8
  2515 | D:4      | Reached skill level 1 in Fighting
  2549 | D:4      | Found a shadowy altar of Dithmenos.
  2562 | D:4      | Found an iron altar of Okawaru.
  2603 | D:4      | Found a glowing drain.
  2619 | Sewer    | Entered a sewer
  2688 | Sewer    | Slain by a river rat

Illustrated notes

Levels and vault maps discovered:
D:1:      dpeg_arrival_castle, layout_loops_ring,
          shapermc_ecumenical_altar_ellora, hangedman_decor_points,
          wander_ebering_terrifying_dragon_lair
D:2:      layout_basic, basic_altar
D:3:      layout_basic, nicolae_overflow_hidden_temple,
          mainiacjoe_overflow_cross_hatched, serial_shops, nicolae_shop_stone,
          gammafunk_ghost_smash
D:4:      layout_rooms, mainiacjoe_overflow_24_doors,
          mainiacjoe_overflow_large_starburst, portal_sewer_entry_b,
          chequers_serial_rivers_small_b
Sewer:    sewer_minmay_w

Skill      XL: |  1  2  3  4  5 |
---------------+----------------+-----
Spellcasting   | 2 |  2.0
Staves         | 1 |  1.3
Earth Magic    | 4 |  4.0
Dodging        | 2 |  2.1
Long Blades    | 1 2 3 |  3.1
Stealth        | 3 |  3.0
Fighting       | 1 |  1.0
Armour         | |  0.6
Conjurations   | |  0.7

Action                     |  1- 3 |  4- 6 || total
---------------------------+-------+-------++-------
  Melee: Quarterstaff      |    19 |       ||    19
         Long sword        |    34 |    73 ||   107
   Cast: Sandblast         |    17 |       ||    17
    Use: Potion            |       |     3 ||     3
   Stab: Sleeping          |     2 |     1 ||     3
 Armour: Robe              |    20 |    13 ||    33
         Scale mail        |       |    53 ||    53
  Dodge: Dodged            |    34 |    53 ||    87
  Block: Other             |    12 |    25 ||    37

Table legend: (Time is in decaauts)
 A = Elapsed time spent in this place.
 B = Non-inter-level travel time spent in this place.
 C = Inter-level travel time spent in this place.
 D = Time resting spent in this place.
 E = Time spent auto-exploring this place.
 F = Levels seen in this place.
 G = Mean time per level.
                   A        B        C        D        E       F      G
               +--------+--------+--------+--------+--------+-----+--------+
         Total |   2753 |   2558 |    195 |     75 |   1519 |   5 |  550.6 |
       Dungeon |   2674 |   2479 |    195 |     34 |   1519 |   4 |  668.5 |
         Sewer |     78 |     78 |      0 |     41 |      0 |   1 |   78.0 |
               +--------+--------+--------+--------+--------+-----+--------+

Top non-repeatable levels by time:
     D:1: 909 daAuts
     D:3: 866 daAuts
     D:2: 666 daAuts
     D:4: 232 daAuts
   Sewer: 78 daAuts
